 Dungeon Sprint DCSS version 0.24-a0-243-g8f5f5cd (webtiles) character file.

Game seed: 6213133165919569

5634 MikeHunt the Cruncher (level 10, -8/154 HPs)
             Began as a Naga Gladiator on Apr 10, 2019.
             Was an Initiate of Gozag.
             Mangled by Agnes
             ... wielding a +4 vampiric lajatang
              (13 damage)
             ... in the Dungeon (Sprint IV: "Fedhas' Mad Dash").
             The game lasted 00:19:48 (4922 turns).

MikeHunt the Cruncher (Naga Gladiator)              Turns: 4922, Time: 00:19:49

Health: -8/154     AC: 15    Str: 22    XL:     10   Next: 74%
Magic:  15/15      EV:  9    Int:  9    God:    Gozag
Gold:   465        SH:  0    Dex: 15    Spells: 9/9 levels left

rFire    . . .     SeeInvis +   a - +0 quarterstaff
rCold    + . .     Gourm    .   (shield currently unavailable)
rNeg     . . .     Faith    .   o - +1 plate armour {rC+}
rPois    +         Spirit   .   f - +0 helmet
rElec    .         Reflect  .   (no cloak)
rCorr    .         Harm     .   (no gloves)
MR       +....     NoTele   +   (no barding)
Stlth    ..........             l - amulet of invisibility {+Inv}
HPRegen  0.35/turn              j - +1 ring of slaying
MPRegen  0.14/turn              q - ring of stealth

@: berserking, quick
A: large, see invisible, deformed body, poison resistance, slowness 2, slow
metabolism 1, spit poison 1, AC +3
a: Spit Poison, Potion Petition, Call Merchant, Bribe Branch, Renounce Religion,
Evoke Invisibility


You were in the Dungeon.
You worshipped Gozag.
Gozag was aware of your devotion.
You were not hungry.

You visited 1 branch You collected 2350 gold pieces.
You spent 1507 gold pieces at shops.
You paid 378 gold pieces to Gozag.

Inventory:

Hand Weapons
 a - a +0 quarterstaff (weapon)
 b - a +1 rapier of venom
 h - the +8 storm bow {elec, penet}
   (You found it in the Dungeon)

   It charges the ammunition it shoots with electricity; occasionally upon a
   hit, such missiles may discharge and cause terrible harm.
 r - a +1 hand crossbow of freezing
Missiles
 d - 3 throwing nets
 n - 18 arrows (quivered)
 y - 16 bolts
Armour
 c - a +0 helmet
 f - a +0 helmet (worn)
 k - a +0 ring mail
 o - a +1 plate armour of cold resistance (worn)
 p - a +0 leather armour
 s - a +0 plate armour
Jewellery
 g - the amulet of Happiness {RegenMP +Fly rN+ Int-4}
   (You found it in the Dungeon)

   [amulet of magic regeneration]

   It increases your magic regeneration.
   It affects your intelligence (-4).
   It protects you from negative energy.
   It lets you fly.
 j - a +1 ring of slaying (left hand)
 l - the amulet of invisibility (around neck) {+Inv}
   (You found it in the Dungeon)

   [amulet of nothing]

   It lets you turn invisible.
 m - an uncursed ring of flight
 q - a ring of stealth (right hand)
 v - an uncursed ring of resist corrosion
Scrolls
 t - a scroll of fog
Potions
 i - 2 potions of magic
 u - a potion of degeneration {unknown}
 x - a potion of resistance {unknown}
 z - a potion of mutation {unknown}


   Skills:
 + Level 10.4 Fighting
 - Level 14.3 Staves
 - Level 1.7 Throwing
 + Level 9.3 Armour
 + Level 9.0 Dodging
 - Level 10.9 Stealth
 - Level 7.0 Evocations


You had 9 spell levels left.
You didn't know any spells.
Your spell library contained the following spells:

 Spells                   Type           Power        Failure   Level  Hunger
 Confusing Touch          Hex            #.....       99%         1    ##.....
 Confuse                  Hex            #.......     100%        3    ####...
 Gell's Gravitas          Tloc           #.........   100%        3    ####...
 Petrify                  Tmut/Erth      #.......     100%        4    #####..
 Metabolic Englaciation   Hex/Ice        #.........   100%        5    ######.
 Yara's Violent Unravell  Hex/Tmut       #.........   100%        5    ######.


Dungeon Overview and Level Annotations

Branches:
Dungeon (1/1)

Altars:
Cheibriados
Dithmenos
Elyvilon
Gozag
Hepliaklqana
Kikubaaqudgha
Makhleb
Nemelex Xobeh
Okawaru
Qazlal
Ru
Sif Muna
Trog
Uskayaw
Vehumet
Wu Jian
Xom
Yredelemnul
Zin
The Shining One
Beogh
Jiyva
Lugonu

Shops:
D =%*?*!

Annotations:
D Agnes


Innate Abilities, Weirdness & Mutations

You cannot wear boots.
Your serpentine skin is tough. (AC +3)
You have supernaturally acute eyesight. (SInv)
Armour fits poorly on your strangely shaped body.
Your system is resistant to poisons. (rPois)
You cover ground very slowly.
You have a slow metabolism.
You can spit poison.


Message History

* * * LOW HITPOINT WARNING * * *
Agnes draws strength from your wounds!
You barely miss Agnes.
Agnes is moderately wounded.
You completely miss Agnes.
Agnes is moderately wounded.
Agnes barely misses you.
You closely miss Agnes.
Agnes is moderately wounded.
You barely miss Agnes.
Agnes is moderately wounded.
Agnes hits you with a +4 vampiric lajatang.
* * * LOW HITPOINT WARNING * * *
You sock Agnes!
Agnes is moderately wounded.
You sock Agnes!
Agnes is heavily wounded.
Agnes hits you with a +4 vampiric lajatang!
You die...
Your body crumbles into a pile of gold.

################################
.⌠._._._._.⌠.#..[...#..§§##§##.#
.._._._._._..'.)#...#.§§.'[.##'#
..._._._._...#..###'##.[.##g#..##
.._._._._._..#..##∩∩.'...#####...
._._._._._.⌠.#################...
##################......###.....♣
♣♣♣♣♣..♣)###.'..@.......'.))..♣..
.....♣..♣##..#.i#.......#########
..♣♣♣.♣..###.##'##......#
♣♣..♣...♣'...#♣.♣########
#############... .♣..♣ .♣.... ..
♣.... ## #####


You could see Agnes.

Vanquished Creatures
  A spriggan druid (D)
  6 oklob plants (D)
  A demonic crawler (D)
  3 burning bushes (D)
  3 wandering mushrooms (D)
  A queen bee (D)
  A hornet (D)
  2 scorpions (D)
  4 killer bees (D)
  5 oklob saplings (D)
  A worker ant (D)
  5 spriggans (D)
  A river rat (D)
  A rat (D)
  A ballistomycete (D)
  2 fungi (D)
38 creatures vanquished.

Vanquished Creatures (others)
  4 ballistomycetes (D)
  3 ballistomycete spores (D)
  A bush (D)
  3 fungi (D)
11 creatures vanquished.

Grand Total: 49 creatures vanquished

Notes
Turn   | Place    | Note
-------+----------+-------------------------------------------
     0 | D        | MikeHunt the Naga Gladiator began the quest for the Orb.
     0 | D        | Reached XP level 1. HP: 19/19 MP: 1/1
     7 | D        | Reached skill level 5 in Staves
     7 | D        | Reached XP level 2. HP: 26/26 MP: 2/2
    20 | D        | Noticed an oklob sapling
    24 | D        | Killed an oklob sapling
    24 | D        | Reached skill level 7 in Staves
    24 | D        | Reached XP level 3. HP: 32/32 MP: 3/3
    28 | D        | Found the amulet of invisibility {+Inv}
    34 | D        | Reached skill level 8 in Staves
    34 | D        | Reached XP level 4. HP: 18/39 MP: 4/4
   254 | D        | Found an opulent altar of Gozag.
   254 | D        | Found a hazy altar of Hepliaklqana.
   254 | D        | Found a burning altar of Makhleb.
   254 | D        | Found a roughly hewn altar of Beogh.
   254 | D        | Found a sparkling altar of Nemelex Xobeh.
   254 | D        | Found a snail-covered altar of Cheibriados.
   254 | D        | Found a sacrificial altar of Ru.
   254 | D        | Found a deep blue altar of Sif Muna.
   254 | D        | Found a shimmering altar of Xom.
   254 | D        | Found a basalt altar of Yredelemnul.
   255 | D        | Found a viscous altar of Jiyva.
   255 | D        | Found a bloodstained altar of Trog.
   255 | D        | Found an ornate altar of the Wu Jian Council.
   255 | D        | Noticed an oklob sapling priest
   256 | D        | Found an iron altar of Okawaru.
   256 | D        | Found a shadowy altar of Dithmenos.
   256 | D        | Found a glowing silver altar of Zin.
   257 | D        | Found an ancient bone altar of Kikubaaqudgha.
   257 | D        | Found a hide-covered altar of Uskayaw.
   258 | D        | Found a stormy altar of Qazlal.
   258 | D        | Found a white marble altar of Elyvilon.
   258 | D        | Found a glowing golden altar of the Shining One.
   259 | D        | Became a worshipper of Gozag Ym Sagoz the Greedy
   260 | D        | Found a radiant altar of Vehumet.
   260 | D        | Found a corrupted altar of Lugonu.
   267 | D        | Killed an oklob sapling priest
   435 | D        | Reached skill level 5 in Stealth
   435 | D        | Reached XP level 5. HP: 45/45 MP: 4/7
   574 | D        | Reached skill level 9 in Staves
   808 | D        | Reached skill level 5 in Evocations
   808 | D        | Reached XP level 6. HP: 51/52 MP: 8/10
   901 | D        | Found Fuosoat's Food Shop.
   902 | D        | Found Yqasusk's Jewellery Emporium.
   909 | D        | Bought a +1 ring of slaying for 72 gold pieces
   941 | D        | Noticed a queen bee
   947 | D        | Reached skill level 10 in Staves
   950 | D        | Reached skill level 10 in Stealth
  1203 | D        | Reached XP level 7. HP: 35/60 MP: 9/12
  1396 | D        | Killed a queen bee
  1396 | D        | Reached skill level 5 in Fighting
  1572 | D        | Noticed an oklob plant
  1876 | D        | Killed an oklob plant
  1876 | D        | Reached skill level 11 in Staves
  1876 | D        | Reached skill level 5 in Dodging
  1876 | D        | Reached XP level 8. HP: 10/78 MP: 13/13
  2183 | D        | Noticed a burning bush
  2196 | D        | Killed a burning bush
  2196 | D        | Reached skill level 12 in Staves
  2209 | D        | Got a heavily runed zirconium amulet
  2212 | D        | Identified the amulet of Happiness {RegenMP +Fly rN+ Int-4}
                  | (You found it in the Dungeon)
  2334 | D        | Noticed a burning bush
  2334 | D        | Noticed an oklob plant
  2335 | D        | Noticed a wandering mushroom
  2343 | D        | Killed a burning bush
  2492 | D        | Killed a wandering mushroom
  2492 | D        | Reached skill level 13 in Staves
  2492 | D        | Reached XP level 9. HP: 88/88 MP: 12/14
  2529 | D        | Bought an uncursed ring of stealth for 210 gold pieces
  2531 | D        | Bought a ration for 70 gold pieces
  2532 | D        | Bought a ration for 70 gold pieces
  2534 | D        | Noticed a burning bush
  2534 | D        | Noticed a wandering mushroom
  2554 | D        | Noticed a wandering mushroom
  2930 | D        | Killed a burning bush
  3122 | D        | Killed an oklob plant
  3122 | D        | Reached skill level 14 in Staves
  3347 | D        | Noticed a spriggan druid
  3369 | D        | Killed a spriggan druid
  3369 | D        | Reached skill level 10 in Fighting
  3691 | D        | Noticed an oklob plant conjurer
  3706 | D        | Killed an oklob plant conjurer
  3706 | D        | Reached XP level 10. HP: 103/103 MP: 13/15
  3831 | D        | Noticed an oklob plant
  3831 | D        | Noticed an oklob plant summoner
  3834 | D        | Noticed Agnes
  3899 | D        | Found Xirosiaf's Assorted Antiques.
  3900 | D        | Found Okashuul's Magic Scroll Emporium.
  3911 | D        | Bought a scroll labeled ISUTRE OHYW for 23 gold pieces
  3911 | D        | Bought a fizzy cyan potion for 20 gold pieces
  3911 | D        | Bought a scroll labeled ISUTRE OHYW for 23 gold pieces
  3911 | D        | Bought a scroll labeled RUC IRUINTENY for 23 gold pieces
  3911 | D        | Bought a scroll labeled JEW JIROCOU for 23 gold pieces
  3917 | D        | Bought a shiny plate armour for 598 gold pieces
  3926 | D        | Bought an uncursed ring of resist corrosion for 240 gold
                  | pieces
  3942 | D        | Bought a ration for 70 gold pieces
  4007 | D        | Noticed an oklob plant shifter
  4013 | D        | Killed an oklob plant
  4026 | D        | Killed an oklob plant summoner
  4026 | D        | Reached skill level 5 in Armour
  4045 | D        | Killed an oklob plant shifter
  4506 | D        | Noticed a spriggan rider
  4520 | D        | Found Kuopp's General Store.
  4535 | D        | Killed a spriggan rider
  4846 | D        | Found Zanteip's Distillery.
  4862 | D        | Bought a potion of berserk rage for 65 gold pieces
  4868 | D        | Found the +8 storm bow {elec, penet}
  4920 | D        | HP: 4/154 [Agnes/+4 vampiric lajatang (4)]
  4922 | D        | Mangled by Agnes

Levels and vault maps discovered:
D:        dungeon_sprint_fedhas [sprint_temple]

Skill      XL: |  1  2  3  4  5  6  7  8  9 10 |
---------------+-------------------------------+-----
Staves         | 5 7 8 9 10 11 13 14 | 14.3
Stealth        | 5 8 10 | 10.9
Evocations     | 3 5 7 |  7.0
Fighting       | 6 7 10 | 10.4
Dodging        | 5 6 9 |  9.0
Armour         | 9 |  9.3
Throwing       | |  1.7

Action                   |  1- 3 |  4- 6 |  7- 9 | 10-12 || total
-------------------------+-------+-------+-------+-------++-------
Melee: Quarterstaff      |    10 |    44 |   155 |   113 ||   322
       Rapier            |       |       |     1 |       ||     1
Invok: Potion Petition   |       |       |     2 |       ||     2
 Abil: Spit Poison       |     2 |     5 |     8 |     3 ||    18
       Evoke Invisibilit |       |     5 |    13 |     1 ||    19
  Use: Potion            |       |     1 |     1 |     3 ||     5
       Scroll            |       |       |     3 |     4 ||     7
 Stab: Invisible         |       |     8 |    25 |     6 ||    39
       Sleeping          |       |     2 |     5 |     1 ||     8
  Eat: Ration            |       |     1 |     3 |     1 ||     5
Armor: Leather armour    |       |     4 |     2 |     1 ||     7
       Plate armour      |       |       |       |    48 ||    48
Dodge: Dodged            |     3 |    34 |    31 |    24 ||    92

Table legend:
 A = Non-vault XP
 B = Vault XP
 C = Vault XP percentage of total XP
 D = Non-vault monster count
 E = Vault monster count
 F = Vault count percentage of total count
                 A         B        C        D         E       F
            +---------+---------+-------+---------+---------+-------
      Total |     276 |    7773 |  96.6 |       1 |      34 |  97.1
            +---------+---------+-------+---------+---------+-------
          D |     276 |    7773 |  96.6 |       1 |      34 |  97.1
            +---------+---------+-------+---------+---------+-------
